 Dungeon Crawl Stone Soup version 0.28-a0-1616-g050a506 (webtiles) character file.

Game seed: 17655887613173836754

2363 Illumine the Basher (level 9, -4/72 HPs)
             Began as a Hill Orc Gladiator on Jan 22, 2022.
             Slain by a troll (10 damage)
             ... on level 7 of the Dungeon.
             The game lasted 00:10:58 (6517 turns).

Illumine the Basher (Hill Orc Gladiator)            Turns: 6517, Time: 00:10:59

Health: -4/72      AC:  8    Str: 21    XL:     9   Next: 44%
Magic:  9/9        EV: 12    Int:  8    God:
Gold:   323        SH:  0    Dex: 12    Spells: 8/8 levels left

rFire   . . .      SeeInvis .   c - +2 whip (elec)
rCold   . . .      Faith    .   (no shield)
rNeg    . . .      Spirit   .   o - +3 leather armour
rPois   .          Reflect  .   h - +2 hat
rElec   .          Harm     .   (no cloak)
rCorr   .          Rampage  .   (no gloves)
Will    .....                   (no boots)
Stlth   +.........              (no amulet)
HPRegen 0.22/turn               s - ring of flight
MPRegen 0.11/turn               (no ring)

@: flying
A: no striking features
a: no special abilities


You were on level 7 of the Dungeon.
You visited 1 branch of the dungeon, and saw 7 of its levels.

You collected 388 gold pieces.
You spent 65 gold pieces at shops.

Inventory:

Hand Weapons
 a - a +0 war axe
 c - a +2 whip of electrocution (weapon)
Missiles
 q - 9 boomerangs (quivered)
Armour
 h - a +2 hat (worn)
 o - a +3 leather armour (worn)
Jewellery
 s - a ring of flight (left hand)
Wands
 y - a wand of flame (22)
 A - a wand of paralysis (7)
Scrolls
 g - a scroll of immolation {unknown}
 p - a scroll of fear
 r - a scroll of enchant armour {unknown}
 u - a scroll of magic mapping {unknown}
 v - a scroll of noise {unknown}
 x - 2 scrolls of teleportation
 B - a scroll of brand weapon {unknown}
Potions
 b - 3 potions of haste {unknown}
 d - a potion of invisibility {unknown}
 e - 2 potions of might {unknown}
 f - a potion of brilliance
 i - a potion of flight
 j - a potion of cancellation
 k - a potion of heal wounds {unknown}
 l - a potion of lignification {unknown}
 n - 3 potions of curing {unknown}
 t - 2 potions of ambrosia {unknown}
 z - 2 potions of degeneration {unknown}
 C - 2 potions of mutation {unknown}


   Skills:
 + Level 4.4 Fighting
 - Level 4.8(9.9) Axes
 * Level 11.1(11.4) Maces & Flails
 - Level 1.8(3.2) Polearms
 + Level 4.2 Throwing
 + Level 3.3 Armour
 - Level 2.4 Dodging


You had 8 spell levels left.
You didn't know any spells.
Your spell library contained the following spells:

 Spells                   Type           Power      Damage    Failure   Level
 Beastly Appendage        Tmut           0%         N/A       45%         1
 Sandblast                Erth           0%         2d4       45%         1
 Slow                     Hex            0%         N/A       45%         1
 Ensorcelled Hibernation  Hex/Ice        0%         N/A       58%         2
 Passwall                 Tmut/Erth      0%         N/A       58%         2
 Wereblood                Tmut           0%         N/A       58%         2
 Confusing Touch          Hex            0%         N/A       83%         3
 Conjure Flame            Conj/Fire      0%         6-21      83%         3
 Ignite Poison            Fire/Tmut/Pois 0%         N/A       83%         3
 Spider Form              Tmut/Pois      0%         N/A       83%         3
 Stone Arrow              Conj/Erth      0%         3d7       83%         3
 Vampiric Draining        Necr           0%         2d6       83%         3
 Anguish                  Hex/Necr       0%         N/A       99%         4
 Animate Dead             Necr           0%         N/A       99%         4
 Sticky Flame             Conj/Fire      0%         2d3       99%         4
 Borgnjor's Vile Clutch   Necr/Erth      0%         N/A       100%        5
 Death Channel            Necr           0%         N/A       100%        6


Dungeon Overview and Level Annotations

Branches:
Dungeon (7/15)
 Temple: D:4-7

Altars:

Shops:
D:3 ?


Message History

The troll bites you! The troll claws you. The troll claws you!
You hit the troll.
The troll is lightly wounded.
You whack the troll!
The troll is moderately wounded.
The troll bites you but does no damage. The troll claws you.
The troll closely misses you.
You barely miss the troll.
The troll is lightly wounded.
You hit the troll but do no damage.
The troll is moderately wounded.
The troll bites you but does no damage. The troll claws you but does no damage.
The troll closely misses you.
You hit the troll. Lightning courses through the troll!
You punch the troll, but do no damage.
The troll is heavily wounded.
You hit the troll.
The troll is severely wounded.
The troll barely misses you. The troll claws you. The troll misses you.
You hit the troll but do no damage.
The troll is severely wounded.
You hit the troll but do no damage.
The troll is severely wounded.
The troll bites you. The troll closely misses you. The troll claws you.
* * * LOW HITPOINT WARNING * * *
You hit the troll.
The troll is almost dead.
The troll bites you.
* * * LOW HITPOINT WARNING * * *
The troll claws you but does no damage. x2
You hit the troll.
The troll is almost dead.
You closely miss the troll.
The troll is almost dead.
The troll bites you!
* * * LOW HITPOINT WARNING * * *
The troll claws you.
* * * LOW HITPOINT WARNING * * *
The troll claws you!
You die...

#.##.#.##....#
#............#
########.#.###...#
.........#...'...#
######..######...#
...........# #####
###.###.#### #
♣♣.♣♣ #♣.@.♣#
#..T..# #♣.(.♣#
♣♣.♣♣ ♣)♣ ♣♣(♣
#♣.♣.♣ #..♣..#
#.♣♣♣.#


You could see a troll (poisoned).

Vanquished Creatures
  A shadow (D:7)
  A wyvern (D:7)
  A steam dragon (D:7)
  2 water moccasins
  An orc warrior (D:7)
  An ice beast (D:6)
  3 black bears
  A necrophage (D:5)
  2 ogres
  A centaur (D:7)
  A phantom (D:7)
  2 wyvern zombies
  2 scorpions
  2 howler monkeys
  A bullfrog zombie (D:6)
  A hound (D:7)
  2 orc priests (D:6)
  A bullfrog skeleton (D:7)
  4 iguanas
  5 orc wizards
  A hound skeleton (D:5)
  A howler monkey zombie (D:5)
  4 adders
  A shadow imp (D:5)
  A white imp (D:5)
  2 dart slugs
  18 orcs
  3 ball pythons
  3 bats (D:2)
  5 endoplasms
  3 giant cockroaches
  4 goblins
  3 hobgoblins
  5 jackals
  4 quokkas
  3 frilled lizards (D:1)
  5 kobolds
  4 rats
105 creatures vanquished.

Vanquished Creatures (others)
  39 plants (D:7)
39 creatures vanquished.

Grand Total: 144 creatures vanquished

Notes
Turn   | Place    | Note
-------+----------+-------------------------------------------
     0 | D:1      | Illumine the Hill Orc Gladiator began the quest for the
                  | Orb.
     0 | D:1      | Reached XP level 1. HP: 18/18 MP: 1/1
   266 | D:1      | Reached XP level 2. HP: 25/25 MP: 2/2
   672 | D:2      | Reached skill level 1 in Maces & Flails
   672 | D:2      | Reached skill level 1 in Polearms
   672 | D:2      | Reached XP level 3. HP: 17/30 MP: 3/3
  1417 | D:2      | Found a faded altar of an unknown god.
  1856 | D:3      | Found Gyhorchatt's Magic Scroll Emporium.
  1862 | D:3      | Bought a scroll of identify for 26 gold pieces
  1862 | D:3      | Bought a scroll of teleportation for 39 gold pieces
  2102 | D:3      | Reached skill level 2 in Maces & Flails
  2102 | D:3      | Reached XP level 4. HP: 37/37 MP: 4/4
  2384 | D:4      | Reached skill level 3 in Maces & Flails
  2443 | D:4      | Reached XP level 5. HP: 33/42 MP: 5/5
  2625 | D:4      | Identified the +2 robe of Duck's Teeth {rN+}
  2936 | D:5      | Entered Level 5 of the Dungeon
  3258 | D:6      | Reached skill level 4 in Maces & Flails
  3403 | D:6      | Reached XP level 6. HP: 22/50 MP: 6/6
  3581 | D:6      | Noticed a black bear
  3632 | D:5      | Reached skill level 5 in Maces & Flails
  3756 | D:5      | Noticed a necrophage
  3773 | D:5      | Killed a necrophage
  3786 | D:5      | Reached skill level 6 in Maces & Flails
  3786 | D:5      | Reached XP level 7. HP: 56/56 MP: 7/7
  4513 | D:6      | Reached skill level 7 in Maces & Flails
  4569 | D:6      | Reached skill level 8 in Maces & Flails
  4574 | D:6      | Reached XP level 8. HP: 54/62 MP: 8/8
  4620 | D:6      | Reached skill level 9 in Maces & Flails
  5453 | D:7      | Reached skill level 10 in Maces & Flails
  5521 | D:7      | Reached skill level 1 in Armour
  6110 | D:7      | Reached XP level 9. HP: 65/70 MP: 9/9
  6447 | D:7      | Reached skill level 11 in Maces & Flails
  6496 | D:7      | Noticed a troll
  6517 | D:7      | Slain by a troll

Illustrated notes

Levels and vault maps discovered:
D:1:      elethiomel_arrival_quiet, layout_basic
D:2:      layout_basic, ebering_ecumenical_altar_sacrificial
D:3:      layout_loops_ring, serial_shops, nicolae_diamond_shop
D:4:      layout_loops_corners
D:5:      layout_basic, minmay_temple_entry_butterflies,
          chequers_serial_rivers_marsh
D:6:      layout_cave_pools, portal_sewer_entry_f
D:7:      nzn_winding_woodlands_large [nzn_winding_woodlands_5x5_default,
          nzn_winding_woodlands_5x15_twine, nzn_winding_woodlands_hourglass,
          nzn_winding_woodlands_center_triple_pond,
          nzn_winding_woodlands_15x15_five_gardens,
          nzn_winding_woodlands_center_diamonds,
          nzn_winding_woodlands_5x5_cross,
          nzn_winding_woodlands_5x15_split_checker,
          nzn_winding_woodlands_5x5_closed_star], layout_basic

Skill      XL: |  1  2  3  4  5  6  7  8  9 |
---------------+----------------------------+-----
Maces & Flails | 1 2 3 4 6 8 10 11 | 11.1
Polearms       | 1 |  1.8
Throwing       | 2 3 4 |  4.2
Armour         | 2 3 |  3.3
Fighting       | 3 4 |  4.4
Axes           | |  4.8
Dodging        | |  2.4

Action                   |  1- 3 |  4- 6 |  7- 9 || total
-------------------------+-------+-------+-------++-------
Melee: War axe           |    17 |       |       ||    17
       Whip              |    56 |   115 |   250 ||   421
       Punch             |     1 |     3 |     3 ||     7
Throw: Dart              |       |     5 |    17 ||    22
       Throwing net      |       |     4 |     1 ||     5
       Boomerang         |       |       |     1 ||     1
  Use: Scroll            |     3 |     1 |     1 ||     5
 Stab: Sleeping          |     1 |       |       ||     1
       Invisible         |       |     1 |     5 ||     6
       Held in net/web   |       |     2 |       ||     2
Armor: Leather armour    |    25 |    31 |    69 ||   125
Dodge: Dodged            |    43 |    60 |    91 ||   194

Table legend: (Time is in decaauts)
 A = Elapsed time spent in this place.
 B = Non-inter-level travel time spent in this place.
 C = Inter-level travel time spent in this place.
 D = Time resting spent in this place.
 E = Time spent auto-exploring this place.
 F = Levels seen in this place.
 G = Mean time per level.
                   A        B        C        D        E       F      G
               +--------+--------+--------+--------+--------+-----+--------+
         Total |   6410 |   6194 |    216 |   1646 |   3346 |   7 |  915.7 |
       Dungeon |   6410 |   6194 |    216 |   1646 |   3346 |   7 |  915.7 |
               +--------+--------+--------+--------+--------+-----+--------+

Top non-repeatable levels by time:
     D:6: 1366 daAuts
     D:7: 1047 daAuts
     D:2: 1045 daAuts
     D:4: 935 daAuts
     D:5: 716 daAuts
     D:3: 661 daAuts
     D:1: 638 daAuts
